 Dungeon Crawl Stone Soup version 0.27-a0-1359-ga2a4dfd6fd (webtiles) character file.

Game seed: 7631435113501411552

6134 basicallysejuani the Fighter (level 10, -7/110 HPs)
             Began as a Troll Artificer on June 28, 2021.
             Was an Initiate of Ru.
             Shot with an arrow by a centaur warrior (18 damage)
             ... on level 8 of the Dungeon on June 29, 2021.
             The game lasted 01:01:34 (7594 turns).

basicallysejuani the Fighter (Troll Artificer)      Turns: 7594, Time: 01:01:35

Health: -7/110     AC:  5    Str: 25    XL:     10   Next: 59%
Magic:  9/9        EV: 10    Int:  7    God:    Ru [......]
Gold:   435        SH:  0    Dex: 10    Spells: 9/9 levels left

rFire    . . .     SeeInvis .     - Unarmed
rCold    . . .     Faith    .   (no shield)
rNeg     . . .     Spirit   .   V - +0 robe {Archmagi}
rPois    +         Reflect  .   (helmet restricted)
rElec    .         Harm     .   B - +0 cloak
rCorr    .         Rampage  .   (gloves unavailable)
Will     +....                  (boots unavailable)
Stlth    +.........             (no amulet)
HPRegen  1.28/turn              R - ring of poison resistance
MPRegen  0.11/turn              a - ring of willpower

@: no status effects
A: large, unfitting armour, claws 3, regeneration 1, shaggy fur 1, tough skin 1,
missing an eye
a: Renounce Religion, Sacrifice Nimbleness, Sacrifice Health, Sacrifice Purity,
Reject Sacrifices


You were on level 8 of the Dungeon.
You worshipped Ru.
Ru was noncommittal.
You visited 1 branch of the dungeon, and saw 8 of its levels.

You collected 435 gold pieces.

Inventory:

Hand Weapons
 f - a +5 morningstar
 z - a +1 hunting sling
 A - a +3 quarterstaff of chaos
 C - the +8 great sword "Doqiq" {flame, rC+ rN+ Str-3 Dex+4}
   (You found it on level 4 of the Dungeon)

   It has been specially enchanted to burn those struck by it, causing extra
   injury to most foes and up to half again as much damage against particularly
   susceptible opponents.
   Big, fiery blades are also staple armaments of hydra-hunters.
   Str:       It affects your strength (-3).
   Dex:       It affects your dexterity (+4).
   rC:        It protects you from cold.
   rN:        It protects you from negative energy.
 H - a +1 dagger of electrocution
 J - a +0 trident of protection
 N - a +0 giant spiked club
 W - a +1 morningstar of holy wrath
 Y - a +2 whip of freezing
Missiles
 v - 5 throwing nets
 L - 2 boomerangs (quivered)
 O - a curare-tipped dart
Armour
 b - a +0 robe
 w - a +0 ring mail of cold resistance
 B - a +0 cloak (worn)
 V - a +0 robe of the Archmagi (worn)
Jewellery
 a - a ring of willpower (right claw)
 R - a ring of poison resistance (left claw)
Wands
 c - a wand of flame (15)
 d - a wand of charming (15)
 i - a wand of iceblast (5)
 I - a wand of mindburst (6)
 K - a wand of polymorph (7)
Scrolls
 k - a scroll of magic mapping
 n - 4 scrolls of teleportation
 q - 3 scrolls of enchant weapon
 D - a scroll of acquirement {unknown}
 F - 2 scrolls of enchant armour {unknown}
 G - a scroll of vulnerability {unknown}
 P - a scroll of amnesia {unknown}
 S - 2 scrolls of identify
 T - 2 scrolls of fear {unknown}
Potions
 g - 4 potions of heal wounds {unknown}
 h - 2 potions of lignification
 m - 2 potions of invisibility
 p - 3 potions of curing
 r - a potion of degeneration
 s - 2 potions of attraction
 t - 3 potions of brilliance
 x - 3 potions of might
 E - 3 potions of haste
 M - a potion of flight
 Q - a potion of resistance {unknown}
 U - a potion of ambrosia {unknown}
 X - a potion of magic {unknown}
 Z - a potion of mutation {unknown}
Miscellaneous
 e - a piece from Xom's chessboard (15/15)


   Skills:
 + Level 10.1 Fighting
 - Level 0.4 Maces & Flails
 - Level 0.2 Polearms
 - Level 2.9 Throwing
 - Level 1.9 Dodging
 - Level 0.3 Stealth
 - Level 10.0 Unarmed Combat
 - Level 2.1 Evocations


You had 9 spell levels left.
You didn't know any spells.
Your spell library contained the following spells:

 Spells                   Type           Power      Damage    Failure   Level
 Shock                    Conj/Air       0%         1d3       43%         1
 Summon Small Mammal      Summ           0%         N/A       43%         1
 Call Imp                 Summ           0%         N/A       56%         2
 Static Discharge         Conj/Air       0%         N/A       56%         2
 Call Canine Familiar     Summ           0%         N/A       80%         3
 Confusing Touch          Hex            0%         N/A       80%         3
 Gell's Gravitas          Tloc           0%         N/A       80%         3
 Summon Guardian Golem    Hex/Summ       0%         N/A       80%         3
 Swiftness                Air            0%         N/A       80%         3
 Airstrike                Air            0%         N/A       99%         4
 Petrify                  Tmut/Erth      0%         N/A       99%         4
 Summon Ice Beast         Ice/Summ       0%         N/A       99%         4
 Summon Lightning Spire   Summ/Air       0%         N/A       99%         4
 Lightning Bolt           Conj/Air       0%         1d11      100%        5
 Metabolic Englaciation   Hex/Ice        0%         N/A       100%        5
 Yara's Violent Unravell  Hex/Tmut       0%         3d3       100%        5


Dungeon Overview and Level Annotations

Branches:
Dungeon (8/15)             Temple (0/1) D:5
   Lair: D:8-11

Altars:
Elyvilon
Hepliaklqana
Okawaru
Ru
Trog

Shops:
D:4 :?[=   D:5 *

Annotations:
D:5 3 runed translucent doors, Dittersdorf's ghost, novice GrFi; lotusamurai2's ghost, novice DjIE


Innate Abilities, Weirdness & Mutations

You are too large for most types of armour.
You have claws for hands.
Your natural rate of healing is unusually fast.
You are covered in fur. (AC +1)
You have tough skin. (AC +1)
You are missing an eye, making it more difficult to aim.


Message History

The centaur zombie closely misses you. The centaur zombie misses you.
You barely miss the centaur zombie.
The centaur zombie is heavily damaged.
The centaur zombie hits you but does no damage.
The centaur zombie kicks you.
You barely miss the centaur zombie.
The centaur zombie is heavily damaged.
The centaur zombie hits you but does no damage.
The centaur zombie kicks you but does no damage.
The centaur zombie barely misses you.
The centaur zombie kicks you but does no damage.
You barely miss the centaur zombie.
The centaur zombie is heavily damaged.
The centaur zombie hits you.
The centaur zombie kicks you but does no damage.
You barely miss the centaur zombie. You claw the centaur zombie!
The centaur zombie is almost destroyed.
The centaur zombie hits you but does no damage.
The centaur zombie barely misses you.
You scratch the centaur zombie.
You destroy the centaur zombie!
Things that are here:
a +0 shortbow; 26 arrows A centaur warrior comes into view.
It is wielding a +0 long sword.
Found 17 stones and a book of Geomancy.
The centaur warrior shouts!
The centaur warrior unwields a +0 long sword.
The centaur warrior wields a +0 longbow.
The centaur warrior shoots an arrow.
The arrow hits you!
The centaur warrior shoots an arrow.
The arrow closely misses you.
The centaur warrior shoots an arrow.
The arrow closely misses you.
Things that are here:
a +0 shortbow; 26 arrows The centaur warrior shoots an arrow.
The arrow hits you!!
Things that are here:
a +0 whip; an orc corpse; a killer bee corpse The centaur warrior shoots an arrow.
The arrow hits you!!
* * * LOW HITPOINT WARNING * * *
The centaur warrior shoots an arrow.
The arrow hits you!!
You die...

#.# #.#
#######.# #.#
........#####.#
.
#..#.##.#.....#
#( .#.#
#.#.##### #.#
###..####.#.#
c. ...##.#..#.#
#c##.###.#.#.#
#....))@..#.#
#$###+###.#.#
...
#.#.#########
##..
#.#.[...<...#
##.
#.#########.#
.. #.# #: #.


You could see a centaur warrior.

Vanquished Creatures
  Harold (D:7)
  Pikel (D:7)
  5 gargoyles (D:7)
  A wyvern (D:5)
  A vampire mosquito (D:8)
  A water moccasin (D:6)
  An ice beast (D:6)
  3 black bears
  A sky beast (D:6)
  An ogre (D:5)
  2 centaurs
  A phantom (D:4)
  4 bullfrogs
  A kobold brigand (D:5)
  A gnoll sergeant (D:7)
  3 scorpions
  2 wyvern skeletons
  2 water moccasin zombies
  2 water moccasin skeletons
  A killer bee (D:8)
  3 howler monkeys
  3 wights (D:7)
  An electric eel (D:6)
  6 bullfrog zombies (D:5)
  4 centaur zombies
  3 hounds
  2 gnoll shamans
  Crazy Yiuf (D:3)
  4 iguanas
  2 orc priests
  A bullfrog skeleton (D:6)
  A centaur skeleton (D:6)
  Terence (D:3)
  3 orc wizards
  A hound zombie (D:5)
  15 gnolls
  6 adders
  7 river rats (D:5)
  A shadow imp (D:6)
  An ufetubus (D:4)
  An adder zombie (D:5)
  An adder skeleton (D:4)
  A worm (D:3)
  A dart slug (D:3)
  13 orcs
  6 ball pythons
  6 bats
  12 endoplasms
  5 giant cockroaches
  10 goblins
  8 hobgoblins
  9 jackals
  10 quokkas
  3 frilled lizards
  5 kobolds
  27 rats
219 creatures vanquished.

Vanquished Creatures (others)
  A hornet zombie (D:5)
  An adder zombie (D:5)
  11 plants
  A withered plant (D:5)
14 creatures vanquished.

Grand Total: 233 creatures vanquished

Notes
Turn   | Place    | Note
-------+----------+-------------------------------------------
     0 | D:1      | basicallysejuani the Troll Artificer began the quest for
                  | the Orb.
     0 | D:1      | Reached XP level 1. HP: 18/18 MP: 0/0
   132 | D:1      | Reached skill level 1 in Fighting
   174 | D:1      | Reached XP level 2. HP: 27/27 MP: 1/1
   332 | D:1      | Found a faded altar of an unknown god.
   376 | D:1      | Became a worshipper of Ru the Awakened
   391 | D:1      | Gained mutation: You are missing an eye, making it more
                  | difficult to aim. [Ru sacrifice]
   534 | D:1      | Reached XP level 3. HP: 35/35 MP: 2/2
  1082 | D:2      | Found a bloodstained altar of Trog.
  1498 | D:2      | Reached XP level 4. HP: 45/45 MP: 3/3
  1877 | D:3      | You fall into a shaft and drop 3 floors!
  1878 | D:6      | Noticed an ice beast
  1882 | D:5      | Entered Level 5 of the Dungeon
  1882 | D:5      | Noticed an ogre
  2129 | D:3      | Reached XP level 5. HP: 16/54 MP: 4/4
  2248 | D:3      | Noticed Terence
  2276 | D:3      | Killed Terence
  2439 | D:3      | Found a white marble altar of Elyvilon.
  2877 | D:3      | Found a runed translucent door.
  2878 | D:3      | Noticed Crazy Yiuf
  2924 | D:3      | Killed Crazy Yiuf
  2925 | D:3      | Reached skill level 5 in Fighting
  2925 | D:3      | Reached XP level 6. HP: 21/65 MP: 5/5
  3210 | D:4      | Identified the +8 great sword "Doqiq" {flame, rC+ rN+ Str-3
                  | Dex+4}
  3228 | D:4      | Found Muagit's Jewellery Emporium.
  3805 | D:4      | Reached XP level 7. HP: 28/72 MP: 6/6
  3945 | D:4      | Found Naete's Book Shop.
  4052 | D:4      | Found Guvvoeze's Armour Boutique.
  4114 | D:4      | Found a hazy altar of Hepliaklqana.
  4250 | D:4      | Found Reunlaq's Magic Scroll Emporium.
  4416 | D:5      | Reached skill level 5 in Unarmed Combat
  4437 | D:5      | Noticed a wyvern
  4454 | D:5      | Killed a wyvern
  4742 | D:5      | Reached XP level 8. HP: 75/80 MP: 7/7
  4844 | D:5      | Found a runed translucent gate.
  4844 | D:5      | Found a runed translucent gate.
  4844 | D:5      | Found a runed translucent gate.
  4848 | D:5      | Noticed Dittersdorf's ghost (novice GrFi)
  4848 | D:5      | Noticed lotusamurai2's ghost (novice DjIE)
  4942 | D:5      | Found a staircase to the Ecumenical Temple.
  5099 | D:5      | Found Cecink's Assorted Antiques.
  5268 | D:5      | Reached skill level 1 in Throwing
  5703 | D:6      | Reached XP level 9. HP: 54/89 MP: 8/8
  6098 | D:6      | Found an iron altar of Okawaru.
  6306 | D:6      | Reached skill level 10 in Unarmed Combat
  6615 | D:7      | Noticed a gargoyle
  6620 | D:7      | Killed a gargoyle
  6641 | D:7      | Noticed a gargoyle
  6649 | D:7      | Killed a gargoyle
  6691 | D:7      | Noticed a gargoyle
  6697 | D:7      | Killed a gargoyle
  6731 | D:7      | Noticed a gargoyle
  6741 | D:7      | Killed a gargoyle
  6742 | D:7      | Reached XP level 10. HP: 61/104 MP: 9/9
  6784 | D:7      | Noticed a gargoyle
  6791 | D:7      | Killed a gargoyle
  6827 | D:7      | Noticed Pikel
  6835 | D:7      | Killed Pikel
  6942 | D:7      | Noticed Harold
  6958 | D:7      | Killed Harold
  7511 | D:8      | Identified the +6 chain mail of the Gloaming {rC+}
  7575 | D:8      | Reached skill level 10 in Fighting
  7589 | D:8      | Noticed a centaur warrior
  7594 | D:8      | Shot with an arrow by a centaur warrior

Illustrated notes

Levels and vault maps discovered:
D:1:      nagdon_arrival_zigzag_paths, layout_basic,
          ebering_ecumenical_altar_ruins, serial_bayou_pond_b,
          minmay_split_cup_small
D:2:      layout_loops_ring, basic_altar, minmay_rat_gold_closets
D:3:      layout_loops_ring, marbit_many_paths, mrwooster_statue_mirror,
          hex_tiny, uniq_crazy_yiuf_cottage, uniq_terence
D:4:      layout_gridville, worldfamousw_hep_ancestral_shrine, serial_shops,
          shop_coins, nicolae_shop_behind_doors, nicolae_shop_window_shopping,
          nicolae_shop_waterfront
D:5:      lemuel_ratsnest, layout_gridville, lemuel_temple_firewalk_b,
          gammafunk_ghost_cemetery, serial_shops, shop, serial_undead,
          serial_undead_d, serial_undead_b, serial_undead_d, serial_undead_f,
          minivault_11
D:6:      layout_basic, okawaru_ov_weapons_minmay, nicolae_lava_and_water
D:7:      cheibrodos_statue_roulette, layout_loops_cross, kennysheep_crisscross,
          uniq_pikel, uniq_harold
D:8:      layout_loops_ring, lemuel_crystal_altar, dpeg_lair_monsters,
          minmay_shattered_shrine

Skill      XL: |  1  2  3  4  5  6  7  8  9 10 |
---------------+-------------------------------+-----
Fighting       | 1 2 3 4 5 8 10 | 10.1
Unarmed Combat | 3 6 8 10 | 10.0
Throwing       | 2 |  2.9
Maces & Flails | |  0.4
Polearms       | |  0.2
Dodging        | |  1.9
Stealth        | |  0.3
Evocations     | |  2.1

Action                   |  1- 3 |  4- 6 |  7- 9 | 10-12 || total
-------------------------+-------+-------+-------+-------++-------
Melee: Trident           |   132 |       |       |       ||   132
       Club              |     2 |       |       |       ||     2
       Unarmed           |    81 |   334 |   481 |    81 ||   977
       Punch             |       |       |    10 |     3 ||    13
Invok: Sacrifice an Eye  |     1 |       |       |       ||     1
       Reject Sacrifices |       |     1 |       |       ||     1
  Use: Scroll            |     1 |       |    11 |       ||    12
       Potion            |       |       |     1 |     2 ||     3
 Stab: Sleeping          |     2 |     1 |       |       ||     3
Armor: Robe              |   106 |   104 |    78 |    24 ||   312
       Skin              |       |       |     1 |       ||     1
Dodge: Dodged            |   127 |   199 |   181 |    32 ||   539

Table legend: (Time is in decaauts)
 A = Elapsed time spent in this place.
 B = Non-inter-level travel time spent in this place.
 C = Inter-level travel time spent in this place.
 D = Time resting spent in this place.
 E = Time spent auto-exploring this place.
 F = Levels seen in this place.
 G = Mean time per level.
                   A        B        C        D        E       F      G
               +--------+--------+--------+--------+--------+-----+--------+
         Total |   7534 |   6813 |    721 |    573 |   3944 |   8 |  941.8 |
       Dungeon |   7534 |   6813 |    721 |    573 |   3944 |   8 |  941.8 |
               +--------+--------+--------+--------+--------+-----+--------+

Top non-repeatable levels by time:
     D:4: 1320 daAuts
     D:3: 1218 daAuts
     D:5: 1198 daAuts
     D:7: 1105 daAuts
     D:2: 994 daAuts
     D:1: 850 daAuts
     D:6: 765 daAuts
     D:8: 82 daAuts
